 Dungeon Crawl Stone Soup version 0.31-a0-200-gbc41564c69 (webtiles) character file.

Game seed: 12037534013205014920

71 qw the Shooter (level 4, -1/25 HPs)
             Began as a Deep Elf Hunter on June 25, 2023.
             Slain by Natasha (2 damage)
             ... on level 2 of the Dungeon.
             The game lasted 00:00:19 (1072 turns).

qw the Shooter (Deep Elf Hunter)                    Turns: 1072, Time: 00:00:19

Health: -1/25      AC:  4    Str: 10    XL:     4   Next: 5%
Magic:  6/6        EV: 13    Int: 14    God:
Gold:   142        SH:  0    Dex: 24    Spells: 3/3 levels left

rFire   . . .        Y - +0 shortbow
rCold   . . .        (shield currently unavailable)
rNeg    . . .        c - +0 leather armour
rPois   .            (no helmet)
rElec   .            (no cloak)
rCorr   .            (no gloves)
SInv    .            d - +0 pair of boots
Will    .....        (no amulet)
Stlth   ++           e - +6 ring of dexterity
HPRegen 0.24/turn    (no ring)
MPRegen 0.10/turn

%: no passive effects
@: slowed, very slow
A: no striking features
a: no special abilities


You were on level 2 of the Dungeon.
You visited 1 branch of the dungeon, and saw 2 of its levels.

You collected 142 gold pieces.


   Skills:
 - Level 1.5 Fighting
 + Level 7.0 Ranged Weapons
 - Level 3.3 Dodging
 - Level 1.2 Stealth


You had 3 spell levels left.
You didn't know any spells.
Your spell library was empty.

Inventory:

Hand Weapons
 Y - a +0 shortbow (weapon)
Armour
 c - a +0 leather armour (worn)
 d - a +0 pair of boots (worn)
Jewellery
 a - a ring of magical power
 e - a +6 ring of dexterity (left hand)
Scrolls
 b - a scroll of identify {unknown}
Potions
 f - a potion of berserk rage {unknown}

Dungeon Overview and Level Annotations

Branches:
Dungeon (2/15)

Altars:

Shops:
D:1 =[(

Annotations:
D:2 Natasha


Message History

Enter note:
Enter note: You shoot an arrow.
The arrow barely misses Natasha.
Natasha hisses angrily.
Natasha stares at you and mumbles some strange words.
The magic dart hits you.
1060 ||| FLEEEEING.
There is an open door here.
1061 ||| FLEEEEING.
1062 ||| STILL FLEEEEING.
1063 ||| STILL FLEEEEING.
1064 ||| STILL FLEEEEING.
You shoot an arrow.
The arrow hits Natasha but does no damage.
You shoot an arrow. The arrow hits Natasha.
Natasha is moderately wounded.
You shoot an arrow. The arrow closely misses Natasha.
Natasha claws you.
You shoot an arrow. The arrow hits Natasha!
Natasha is severely wounded.
Natasha casts a spell at you.
You feel yourself slow down.
You shoot an arrow. The arrow completely misses Natasha.
Natasha stares at you and mumbles some strange words.
You resist with some effort.
Natasha mumbles some strange words.
You shoot an arrow. The arrow closely misses Natasha.
Natasha claws you.
The cerulean imp hits you from afar with a +1 spear.
Natasha claws you but does no damage.
You shoot an arrow. The arrow closely misses Natasha.
The cerulean imp hits you from afar with a +1 spear.
Natasha claws you.
The cerulean imp hits you from afar with a +1 spear.
You shoot an arrow. The arrow hits Natasha.
Natasha is severely wounded.
Natasha closely misses you.
The cerulean imp hits you from afar with a +1 spear.
Natasha claws you.
You die...

#......#...........#
+......#...........#
#..................#
#...##..#..........#
#...##.##..........##
#...##.##............
#...#..##............
#.....###............
##5.@...........##...
##.h..).........##...
##...........^...##...
#..#######.......#####
###.#'##### #.......#
# #.........#
######### #
#.........# #######
#...>.....h... .......
#.........###. ...#...


You could see Natasha and a cerulean imp (summoned).

Vanquished Creatures
  Natasha (twice) (D:2)
  A dart slug (D:1)
  An endoplasm (D:1)
  A giant cockroach (D:2)
  A goblin (D:2)
  3 hobgoblins
  2 ball pythons (D:1)
  2 bats
  2 frilled lizards
  7 rats
22 creatures vanquished.

Notes
Turn   | Place    | Note
-------+----------+-------------------------------------------
     0 | D:1      | qw the Deep Elf Hunter began the quest for the Orb.
     0 | D:1      | Reached XP level 1. HP: 12/12 MP: 3/3
     0 | D:1      | 0 ||| qw: Version: 0.3-a-22-g0ed2b0b
     0 | D:1      | 0 ||| qw: Game counter: 5591
     0 | D:1      | 0 ||| qw: Melee chars always use a shield: true
     0 | D:1      | 0 ||| qw: God list: Okawaru
     0 | D:1      | 0 ||| qw: Allow faded altars: false
     0 | D:1      | 0 ||| qw: Do Orc after clearing Dungeon:15 true
     0 | D:1      | 0 ||| qw: Do second Lair branch before Depths: true
     0 | D:1      | 0 ||| qw: Lair rune preference: random
     0 | D:1      | 0 ||| qw: Goals: Normal
     0 | D:1      | 0 ||| PLANNING D:1-11
   196 | D:1      | Reached XP level 2. HP: 16/16 MP: 4/4
   206 | D:1      | Reached skill level 6 in Ranged Weapons
   266 | D:1      | Found Vuch's Jewellery Boutique.
   271 | D:1      | 271 ||| SHOPLISTING +5 ring of evasion (360 gold, have 54).
   271 | D:1      | 271 ||| SHOPLISTING ring of Kicraez {rCorr Str+5 Int-3}
                  | (312 gold, have 54).
   271 | D:1      | 271 ||| SHOPLISTING ring of ice (250 gold, have 54).
   271 | D:1      | 271 ||| SHOPLISTING ring of poison resistance (200 gold,
                  | have 54).
   271 | D:1      | 271 ||| SHOPLISTING ring of willpower (250 gold, have 54).
   331 | D:1      | Found Xutoc's Antique Armour Shoppe.
   333 | D:1      | Found Suraile's Weapon Emporium.
   336 | D:1      | 336 ||| SHOPLISTING +0 pair of fencer's gloves {Riposte
                  | Dex+3} (800 gold, have 54).
   336 | D:1      | 336 ||| SHOPLISTING cloak (90 gold, have 54).
   336 | D:1      | 336 ||| SHOPLISTING glowing helmet (150 gold, have 54).
   336 | D:1      | 336 ||| SHOPLISTING glowing scale mail (140 gold, have 54).
   336 | D:1      | 336 ||| SHOPLISTING ring mail (80 gold, have 54).
   336 | D:1      | 336 ||| SHOPLISTING scale mail (80 gold, have 54).
   635 | D:1      | 635 ||| UPGRADING to +0 pair of boots.
   640 | D:1      | 640 ||| UPGRADING to +6 ring of dexterity.
   641 | D:1      | 641 ||| READING 2 scrolls labelled KEGIAR CUZI.
   642 | D:1      | 642 ||| READING scroll labelled DUIHUONOSMIK.
   643 | D:1      | 643 ||| DROPPING scroll of fog.
   644 | D:1      | 644 ||| DROPPING scroll of butterflies.
   741 | D:2      | Noticed Natasha
   746 | D:2      | Killed Natasha
   747 | D:2      | Reached XP level 3. HP: 20/20 MP: 5/5
   940 | D:2      | Noticed Natasha
   942 | D:2      | Reached skill level 7 in Ranged Weapons
   948 | D:2      | Killed Natasha
   949 | D:2      | Reached skill level 3 in Dodging
   949 | D:2      | Reached XP level 4. HP: 25/25 MP: 6/6
  1007 | D:2      | Found a faded altar of an unknown god.
  1059 | D:2      | Noticed Natasha
  1060 | D:2      | 1060 ||| FLEEEEING.
  1061 | D:2      | 1061 ||| FLEEEEING.
  1071 | D:2      | HP: 4/25 [cerulean imp/+1 spear[Natasha] (5)]
  1072 | D:2      | HP: 1/25 [cerulean imp/+1 spear[Natasha] (3)]
  1072 | D:2      | Slain by Natasha

Levels and vault maps discovered:
D:1:      tekkud_arrival_beachfront_property, layout_basic, serial_shops, shop,
          nicolae_shop_just_a_little_nook, shop
D:2:      layout_basic, shapermc_ecumenical_altar_mp_ritualfount,
          minmay_goblin_kobold_house, uniq_natasha

Skill      XL: |  1  2  3 |
---------------+----------+-----
Ranged Weapons | 6 7 |  7.0
Dodging        | 3 |  3.3
Fighting       | |  1.5
Stealth        | |  1.2

Action                     |  1- 3 |  4- 6 || total
---------------------------+-------+-------++-------
   Fire: Shortbow          |    46 |    11 ||    57
    Use: Scroll            |     2 |       ||     2
 Armour: Leather armour    |     5 |     1 ||     6
  Dodge: Dodged            |     4 |     1 ||     5

Table legend:
 A = Non-vault XP
 B = Vault XP
 C = Vault XP percentage of total XP
 D = Non-vault monster count
 E = Vault monster count
 F = Vault count percentage of total count
                 A         B        C        D         E       F
            +---------+---------+-------+---------+---------+-------
      Total |      61 |      41 |  40.2 |      19 |       3 |  13.6
            +---------+---------+-------+---------+---------+-------
        D:1 |      19 |       0 |   0.0 |      12 |       0 |   0.0
        D:2 |      42 |      41 |  49.4 |       7 |       3 |  30.0
            +---------+---------+-------+---------+---------+-------
